[Event "FIDE Candidates 2026"]
[White "Bluebaum,Matthias"]
[Black "Caruana,Fabiano"]
[Site "Agios Georgios Pegeia"]
[Round "12.3"]
[Annotator "TA"]
[Result "1/2-1/2"]
[Date "2026.04.12"]
[WhiteElo "2698"]
[BlackElo "2795"]
[PlyCount "104"]
[TimeControl "60"]

1. d4 Nf6 2. c4 e6 3. Nf3 d5 4. Nc3 Nbd7 5. cxd5 exd5 6. Qc2 {[%emt 0:0:3] D35: Queen's Gambit Declined: Exchange Variation.} Bb4 7. Bf4 O-O 8. e3 Nh5 9. Bg5 f6 $146 ({Predecessor:} 9... Ndf6 10. Bh4 h6 11. Bd3 Qe7 12. Ne5 g5 13. Bg3 c5 14. Qe2 Kg7 15. O-O Nxg3 16. hxg3 {½-½ Hansen,J (2317)-Perry,W (2268) W-Cup22 sf06 email 2019} )10. Bh4 Nb6 11. Be2 g6 12. Nd2 Ng7 13. Bg3 c6 14. h3 Nf5 {[%emt 0:2:50] White must now prevent ...Nxg3.} 15. Bh2 Bd6 16. O-O Bxh2+ 17. Kxh2 Nd6 18. b4 Bf5 19. Qb3 Kg7 20. b5 cxb5 21. Nxb5 Nxb5 22. Bxb5 Rf7 23. Rfc1 Rc7 24. Rxc7+ Qxc7+ 25. Kg1 Rc8 26. Qb4 Kf7 27. Nb3 Nc4 28. Rc1 Qe7 29. Qa4 Nd6 30. Rxc8 Bxc8 31. Be2 b6 32. Bf3 Qb7 $1 33. Nc1 Bf5 34. Ne2 Be4 35. Nc3 ({White should try} 35. Bxe4 $14 Nxe4 36. h4 )Bxf3 $11 36. gxf3 {[%emt 0:0:2][%mdl 4096] Endgame KQN-KQN} Nf5 37. Qb3 Ne7 38. e4 Qd7 39. Kg2 Ke6 40. a4 g5 41. Qc2 f5 42. Qb3 fxe4 43. fxe4 Kf6 44. Nxd5+ Nxd5 45. exd5 {[%emt 0:0:4] KQ-KQ. White is a pawn up.} g4 46. Qc4 (46. h4 $14 {feels stronger.} )gxh3+ {[%emt 0:0:7] The position is equal.} 47. Kh2 Qf5 48. Qc6+ Kg5 49. d6 Qxf2+ 50. Kxh3 Qe3+ 51. Kg2 Qd2+ 52. Kg3 Qd3+ {[%emt 0:0:21] Weighted Error Value: White=0.05 (flawless) /Black=0.04 (flawless)   Mistake:       	White=2     	---        Inaccurate:     	---       	Black=3      OK:         	White=11    	Black=10     Best:        	White=1     	---        Strong:       	---       	Black=1} 1/2-1/2

[Event "FIDE Candidates 2026"]
[White "Esipenko,Andrey"]
[Black "Praggnanandhaa R"]
[Site "Agios Georgios Pegeia"]
[Round "12.4"]
[Annotator "TA"]
[Result "1/2-1/2"]
[Date "2026.04.12"]
[WhiteElo "2698"]
[BlackElo "2741"]
[PlyCount "92"]
[TimeControl "60"]

1. c4 e6 2. g3 d5 3. Bg2 d4 4. Nf3 Nc6 5. O-O Nh6 6. e3 {[%emt 0:0:50] A13: English Opening: 1...e6.} g6 $146 ({Predecessor:} 6... Be7 7. d3 O-O 8. exd4 Nf5 9. d5 exd5 10. Nc3 dxc4 11. dxc4 Nd6 12. Qe2 Re8 {0-1 Matlakov,M (2673)-Maghsoodloo,P (2719) Budapest Hetenyi Memorial 2023 (4)} )7. b4 {[%emt 0:3:16] [#] Hoping for b5.} dxe3 8. Bb2 exf2+ 9. Rxf2 f6 10. b5 Na5 11. Qe2 a6 12. Ng5 Bc5 13. Ne4 ({Reject} 13. Nxe6 $6 Bxf2+ 14. Kxf2 Bxe6 15. Qxe6+ Qe7 16. Qxe7+ Kxe7 $17 )Bxf2+ 14. Qxf2 Ng4 15. Nxf6+ Nxf6 16. Bxf6 Rf8 17. Bxd8 {[%emt 0:0:8] A sharp opening A strong pair of Bishops.} Rxf2 18. Kxf2 Kxd8 19. Na3 axb5 20. cxb5 Ra7 21. b6 cxb6 22. Nb5 Ra8 23. Nc3 Bd7 24. Rb1 Kc7 25. Rb4 Rf8+ 26. Ke3 Bc6 27. Be4 Kd6 28. Bd3 Kc5 29. a3 e5 30. Ne4+ Bxe4 31. Rxe4 $11 {[%emt 0:0:45][%mdl 4096] Endgame KRB-KRN. Black is a pawn up.} Nc6 32. a4 Kd6 33. Rc4 Rd8 34. h4 Rf8 35. Rc1 Nb4 36. Be4 Ra8 37. Rf1 Rxa4 38. Rf7 {[%emt 0:0:32] The position is equal.} Ra3+ 39. d3 Nc2+ 40. Kf3 Nb4 41. Rxh7 Nxd3 42. Kg2 Ra2+ 43. Kg1 Ra1+ 44. Kg2 Ra2+ 45. Kg1 Ra1+ 46. Kg2 Ra2+ {[%emt 0:0:4] Weighted Error Value: White=0.04 (flawless) /Black=0.03 (flawless)   Inaccurate:     	White=1     	Black=2      OK:         	White=6     	Black=3      Best:        	White=1     	---} 1/2-1/2

[Event "FIDE Candidates 2026"]
[White "Giri,Anish"]
[Black "Sindarov,Javokhir"]
[Site "Agios Georgios Pegeia"]
[Round "13.1"]
[Annotator "TA"]
[Result "1/2-1/2"]
[Date "2026.04.14"]
[WhiteElo "2753"]
[BlackElo "2745"]
[PlyCount "116"]
[TimeControl "60"]

1. d4 d5 2. c4 e6 3. Nc3 Be7 4. cxd5 exd5 5. Bf4 Nf6 6. e3 O-O 7. Bd3 c5 8. Nge2 Nc6 {[%emt 0:0:6] D35: Queen's Gambit Declined: Exchange Variation.} 9. O-O Bg4 10. dxc5 Bxc5 {[%emt 0:0:4] White is slightly better.} 11. h3 Bxe2 12. Nxe2 d4 13. e4 Re8 $146 ({Predecessor:} 13... Nd7 14. a3 Re8 15. Rc1 Rc8 16. b4 Bf8 17. Bb1 a5 18. Nxd4 axb4 19. axb4 Nxb4 20. Rxc8 Qxc8 {½-½ David,A (2528)-Mastrovasilis,A (2497) Paphos op 1st 2023 (5)} )14. Ng3 Nd7 15. a3 Nde5 16. Bxe5 Nxe5 17. f4 Nxd3 18. Qxd3 Qb6 19. e5 Qa6 20. Qxa6 bxa6 21. Ne4 Bb6 22. Nd6 Re6 23. Nc4 f6 24. Rad1 fxe5 25. fxe5 Rd8 26. Rf4 d3+ 27. Kf1 Bc7 28. Re4 Rd5 29. Kf2 Bxe5 30. Rxe5 Rexe5 31. Nxe5 Rxe5 32. Rxd3 $11 {[%emt 0:0:2][%mdl 4096] Endgame KR-KR} Rb5 33. b3 Kf7 34. a4 (34. Rd7+ $16 Kf6 35. b4 (35. Rxa7 Rxb3 36. Rxa6+ Kg5 $14 ))Rb7 {[%emt 0:1:27] The position is equal.} 35. Ke2 Ke6 36. Re3+ Kd6 37. Kd2 a5 38. Rg3 g6 39. Kc3 Rc7+ 40. Kb2 Rc5 41. h4 Re5 42. Rg4 Kc6 43. Rc4+ Kd6 44. g4 Re2+ 45. Ka3 h6 46. Rd4+ Kc6 47. Rf4 Rh2 48. g5 hxg5 49. Rf6+ Kb7 50. hxg5 Rg2 51. Rxg6 a6 52. Rg8 Ka7 53. Rg7+ (53. b4 $5 Rg3+ $8 54. Kb2 $11 )Kb6 54. g6 Kc6 55. Ra7 Kb6 56. Rg7 Kc6 57. Ra7 Kb6 58. Rg7 Kc6 {[%emt 0:0:15] Weighted Error Value: White=0.05 (flawless) /Black=0.04 (flawless)   Mistake:       	White=1     	---        Inaccurate:     	---       	Black=3      OK:         	White=5     	Black=12} 1/2-1/2

[Event "FIDE Candidates 2026"]
[White "Caruana,Fabiano"]
[Black "Praggnanandhaa R"]
[Site "Agios Georgios Pegeia"]
[Round "13.2"]
[Annotator "TA"]
[Result "1/2-1/2"]
[Date "2026.04.14"]
[WhiteElo "2795"]
[BlackElo "2741"]
[PlyCount "85"]
[TimeControl "60"]

1. d4 Nf6 2. c4 e6 3. Nc3 Bb4 4. Nf3 b6 5. Bg5 h6 6. Bh4 g5 7. Bg3 Ne4 8. Qc2 Bb7 9. e3 d6 10. Bd3 Bxc3+ 11. bxc3 f5 12. c5 {[%emt 0:0:52] E13: Queen's Indian/Nimzo-Indian hybrid: 4 Nc3 Bb7 5 Bg5 h6 6 Bh4 Bb4.} Nd7 13. cxd6 cxd6 14. O-O Qe7 $146 ({Predecessor:} 14... O-O 15. Nd2 Ndf6 16. Nxe4 Nxe4 17. f3 Nxg3 18. hxg3 Rc8 19. Rac1 Qe7 20. e4 f4 {1-0 Moiseenko,A (2561)-Idani,P (2605) Chess.com Classic Div 3 W rapid 2024 (1.3)} )15. Bxe4 Bxe4 16. Qe2 Bb7 17. Nd2 h5 (17... Rc8 $11 )18. Nc4 $14 f4 19. exf4 h4 20. fxg5 hxg3 21. fxg3 Rc8 $2 {[%emt 0:21:24] [#]} (21... Rg8 $11 {and Black is okay.} )22. g6 $18 {[%emt 0:32:10][%mdl 1024] White has strong compensation.} Ba6 23. g7 Rg8 $16 24. Qh5+ Kd8 25. Rf7 {[%emt 0:0:5] White has more active pieces. The black rooks are passive.} Bxc4 26. Rxe7 Kxe7 27. Qg6 Nf6 28. d5 Nxd5 29. h4 {[%emt 0:2:3] The board is on fire.} Nf6 30. h5 Nxh5 31. Qxh5 Rxg7 32. Rd1 Bd5 33. Qh4+ Kd7 34. Qa4+ Kd8 35. Rf1 Rxc3 36. Rf8+ Kc7 37. Qxa7+ Bb7 38. Qb8+ Kc6 39. Qe8+ Kc5 40. Qxe6 Rcxg3 41. Rf5+ Kc6 42. Rf2 (42. Qc4+ $16 Kd7 43. Rf7+ Rxf7 44. Qxf7+ Kc8 45. Qe8+ Kc7 46. Qe7+ Kc8 47. Qxd6 Rxg2+ 48. Kf1 )Kc7 $11 43. Rf7+ {[%emt 0:0:23] Weighted Error Value: White=0.12 (very precise) /Black=0.12 (very precise)   Loses game:     	---       	Black=1      Mistake:       	White=2     	Black=1      Inaccurate:     	White=1     	---        OK:         	White=1     	---} 1/2-1/2

[Event "FIDE Candidates 2026"]
[White "Nakamura,Hikaru"]
[Black "Bluebaum,Matthias"]
[Site "Agios Georgios Pegeia"]
[Round "13.3"]
[Annotator "TA"]
[Result "1/2-1/2"]
[Date "2026.04.14"]
[WhiteElo "2810"]
[BlackElo "2698"]
[PlyCount "81"]
[TimeControl "60"]

1. c4 e6 2. Nc3 d5 3. d4 Nf6 4. Bg5 Be7 5. Nf3 h6 6. Bxf6 Bxf6 7. cxd5 exd5 8. e3 O-O 9. Qb3 c6 {[%emt 0:0:44] D55: Queen's Gambit Declined: 4 Bg5 Be7: Lines without ...h6 and 6...h6 7 Bxf6.} 10. Bd3 Qb6 11. Qc2 Be6 {[%emt 0:0:13] The position is equal.} 12. O-O Nd7 13. Na4 Qb4 14. a3 Qe7 $146 ({Predecessor:} 14... Qd6 15. b4 b6 16. Rfc1 Rfc8 17. Ba6 Rc7 18. Nc3 Bd8 19. Qb3 Nb8 20. Bf1 g6 {½-½ Hildebrand,G (2131)-Lemke,B (2095) GER DSF C21 f email rapid 2022} )15. b4 b5 16. Nc5 Nxc5 17. bxc5 a5 18. a4 b4 19. Rae1 Qd7 20. Nd2 g6 21. f4 Bf5 22. Bxf5 Qxf5 23. Qxf5 gxf5 24. Nf3 Kh7 25. Kf2 Rae8 26. Ke2 Rg8 27. g3 Re6 28. Kd3 Rg7 29. Rg1 h5 30. h3 Kg8 31. Ref1 Bd8 32. Ne5 Bc7 33. Nf3 Bd8 34. Rf2 Rh6 35. Rfg2 Kf8 36. Ke2 Rg8 37. Rh2 Rg7 38. Ne5 Bc7 39. Nd3 Ke7 40. Kf3 Rg8 41. Rhg2 {[%emt 0:0:23] Weighted Error Value: White=0.06 (flawless) /Black=0.05 (flawless)   Inaccurate:     	White=4     	Black=2      OK:         	White=7     	Black=9      Best:        	White=1     	---} 1/2-1/2

[Event "FIDE Candidates 2026"]
[White "Wei,Yi"]
[Black "Esipenko,Andrey"]
[Site "Agios Georgios Pegeia"]
[Round "13.4"]
[Annotator "TA"]
[Result "1-0"]
[Date "2026.04.14"]
[WhiteElo "2754"]
[BlackElo "2698"]
[PlyCount "91"]
[TimeControl "60"]

1. e4 e5 2. Nf3 Nf6 3. Nxe5 d6 4. Nf3 Nxe4 5. c4 Be7 6. d4 d5 7. Bd3 $1 {[%emt 0:0:11][%mdl 4] outshines the older 7.Nc3.} Bb4+ {[%emt 0:0:35] C42: Petroff Defence: 3 Nxe5 and unusual White 3rd moves.} 8. Kf1 c6 9. Qc2 $146 ({Predecessor:} 9. Qb3 Be7 10. cxd5 Nf6 11. Nc3 O-O 12. Bg5 cxd5 13. Bxf6 Bxf6 14. Nxd5 Nc6 15. Nxf6+ Qxf6 {½-½ Mamedov,R (2680)-Kuzubov,Y (2646) TUR-chT Kocaeli 2017 (10.5)} )O-O {[%emt 0:12:22] The position is equal.} 10. a3 Ba5 11. Bf4 Nd7 12. Nc3 Bxc3 13. bxc3 Qa5 14. cxd5 cxd5 15. c4 b6 16. Nd2 f5 17. Kg1 Bb7 18. f3 Rac8 19. h4 (19. fxe4 $2 fxe4 20. Be2 Rxf4 $19 )Ndc5 20. dxc5 Qxc5+ 21. Kh2 Qf2 22. Kh3 (22. Nxe4 Qxh4+ 23. Kg1 Qxf4 $11 )Qd4 23. Bxe4 (23. fxe4 fxe4 24. Nf3 Qxd3 25. Qxd3 exd3 $15 )fxe4 24. Bg3 e3 25. Nb3 Qf6 26. c5 Ba6 27. Rac1 bxc5 ({Black should try} 27... Bc4 $14 )28. Qd1 (28. Nxc5 $16 Bc4 29. Nb7 )Bc4 29. Na5 Qe6+ 30. Kh2 {[%emt 0:0:2] [#]} Ba6 31. Nb3 Bc4 32. Na5 (32. Re1 $16 )Ba6 $1 $11 33. Nb3 (33. Qb3 $11 )Bc4 $1 $14 34. Re1 Rfe8 35. Na5 {[%emt 0:0:5] [#]} Ba6 36. Nb3 Bc4 $1 37. Na5 Ba6 38. Qa4 Red8 (38... c4 $16 {was called for.} )39. Nb3 $18 Bc4 40. Na5 (40. Bf4 $16 )Ba6 $11 41. Nb3 ({Better is} 41. Bf4 $11 d4 42. Nb3 )Bc4 $16 42. Rc3 {[%emt 0:18:16] And now Na5 would win.} e2 (42... Bxb3 $16 43. Qxb3 c4 44. Rcxe3 cxb3 45. Rxe6 d4 )43. Nc1 ({Not} 43. Qxa7 d4 44. Rxc4 (44. Nxc5 Rxc5 45. Qxc5 dxc3 $17 )Qxc4 $11 )Qa6 44. Qc2 (44. Qxa6 Bxa6 45. Nb3 (45. Nxe2 $2 d4 $16 )d4 46. Rxc5 d3 $18 )Re8 (44... Bb5 $16 45. a4 (45. Nxe2 $2 d4 $16 )Qxa4 46. Qxa4 (46. Nxe2 Qxc2 47. Rxc2 d4 $14 )Bxa4 )45. Nd3 $18 Qf6 46. Rxe2 {[%emt 0:0:45] Weighted Error Value: White=0.21 (precise) /Black=0.22 (precise)   Missed win:     	White=1     	---        Mistake:       	White=5     	Black=4      Inaccurate:     	White=3     	Black=3      OK:         	White=3     	Black=5      Best:        	White=1     	Black=2      Strong:       	---       	Black=3} 1-0

[Event "FIDE Candidates 2026"]
[White "Sindarov,Javokhir"]
[Black "Wei,Yi"]
[Site "Agios Georgios Pegeia"]
[Round "14.1"]
[Annotator "TA"]
[Result "1/2-1/2"]
[Date "2026.04.15"]
[WhiteElo "2745"]
[BlackElo "2754"]
[PlyCount "64"]
[TimeControl "60"]

1. e4 e5 2. Nf3 Nf6 3. Nc3 Nc6 4. Bb5 Nd4 5. Nxd4 exd4 6. e5 dxc3 7. exf6 Qxf6 8. dxc3 Bc5 9. Qe2+ $1 {[%emt 0:0:6] 9.Qe2+ is better than 9.0-0.} Qe6 {[%emt 0:0:19] The position is equal.} 10. O-O {[%emt 0:0:5] C48: Four Knights: 4 Bb5, replies other than 4...Bb4.} Qxe2 11. Bxe2 d5 12. Bf4 c6 13. c4 dxc4 $146 ({Predecessor:} 13... Be6 14. cxd5 Bxd5 15. Rfe1 O-O 16. Bd3 Rfe8 17. a4 a5 18. Bd2 b6 19. Rxe8+ Rxe8 {½-½ Baidetsky,V (2497)-Bluebaum,M (2658) Mitropa Cup Apolda 2024 (2.1)} )14. Bxc4 O-O 15. Rfe1 Bd7 16. Be3 Bxe3 17. Rxe3 Rfe8 18. Rae1 Rxe3 19. Rxe3 Re8 {[%emt 0:0:4] Repels Re7} 20. Rxe8+ Bxe8 $11 {[%emt 0:0:2][%mdl 4096] Endgame KB-KB} 21. f4 Kf8 22. Kf2 Ke7 23. Ke3 f6 24. c3 Kd6 25. Bd3 h6 26. a3 c5 27. g3 b6 28. Bc2 Bd7 29. Bd3 Be8 30. Bc2 Bd7 31. Bd3 Be8 32. Bc2 Bd7 {Not much happened in this game.   Weighted Error Value: White=0.01 (flawless) /Black=0.01 (flawless)   OK:         	White=3     	Black=8} 1/2-1/2

[Event "FIDE Candidates 2026"]
[White "Bluebaum,Matthias"]
[Black "Giri,Anish"]
[Site "Agios Georgios Pegeia"]
[Round "14.2"]
[Annotator "TA"]
[Result "0-1"]
[Date "2026.04.15"]
[WhiteElo "2698"]
[BlackElo "2753"]
[PlyCount "56"]
[TimeControl "60"]

1. d4 Nf6 2. c4 e6 3. Nf3 d5 4. Nc3 Bb4 5. Qa4+ Nc6 6. e3 O-O 7. Bd2 dxc4 {[%emt 0:0:5] D38: Queen's Gambit Declined: Ragozin Defence (4 Nf3 Bb4).} 8. Bxc4 Bd6 9. Ng5 a6 {[%emt 0:6:44] Black is slightly better.} 10. Qc2 h6 11. h4 $146 ({Predecessor:} 11. Nge4 Nxe4 12. Nxe4 Be7 13. Rd1 Kh8 14. O-O Qe8 15. f4 Bd7 16. a3 Rd8 17. b4 {1-0 Mirzoev,A (2565)-Tsatsalashvili,K (2271) Balaguer op 13th 2008 (6)} )Re8 (11... Nb4 $5 12. Qb1 b5 $11 (12... hxg5 $2 13. hxg5 Bd7 14. gxf6 $16 ))12. a3 b5 (12... Bd7 {simplifies} 13. Nge4 Be7 14. Rc1 Nxe4 15. Nxe4 Na7 )13. Ba2 {[%emt 0:8:4] A sharp opening} Bb7 14. O-O-O $2 {[%emt 0:41:57] [#]} b4 $1 $36 {[%emt 0:2:23][%mdl 2048] Black has strong initiative.} 15. d5 Nd4 16. exd4 bxc3 {[%emt 0:0:10] Black attacks} 17. dxe6 cxd2+ 18. Qxd2 (18. Rxd2 Rxe6 (18... hxg5 $2 {is the wrong capture.} 19. exf7+ Kf8 20. fxe8=Q+ Qxe8 21. hxg5 $18 )19. Nxe6 fxe6 20. Re2 )fxe6 19. Nxe6 Qc8 20. Qa5 Bd5 21. Bxd5 Nxd5 22. Nxg7 Kxg7 23. Qxd5 Qe6 24. Qxe6 Rxe6 25. g3 Rf8 26. Rd2 Ref6 27. Rf1 {[%emt 0:1:18] [#]} (27. Rh2 {was called for.} )Rf3 28. Kd1 Rxg3 {[%emt 0:0:22] Weighted Error Value: White=0.32/Black=0.13 (very precise)   Loses game:     	White=1     	---        Mistake:       	White=2     	---        Inaccurate:     	White=1     	Black=2      OK:         	White=2     	Black=5      Strong:       	---       	Black=1} 0-1

[Event "FIDE Candidates 2026"]
[White "Esipenko,Andrey"]
[Black "Caruana,Fabiano"]
[Site "Agios Georgios Pegeia"]
[Round "14.3"]
[Annotator "TA"]
[Result "0-1"]
[Date "2026.04.15"]
[WhiteElo "2698"]
[BlackElo "2795"]
[PlyCount "80"]
[TimeControl "60"]

1. e4 c5 2. Nf3 d6 3. d4 cxd4 4. Nxd4 Nf6 5. Nc3 a6 6. Qd3 {[%emt 0:0:34] B90: Sicilian Najdorf: Unusual White 6th moves, 6 Be3 Ng4 and 6 Be3 e5.} g6 7. Bg5 Bg7 8. O-O-O {[%emt 0:1:6] White is slightly better.} O-O 9. Be2 Nc6 10. Nb3 Be6 11. Qe3 $146 ({Predecessor:} 11. f4 a5 12. f5 Bd7 13. h4 a4 14. Nd2 a3 15. b3 Ne5 16. Qg3 Rc8 17. h5 {0-1 Pinheiro,I (2320)-Della Corte,A (2160) Titled Tuesday intern op 03rd Jan Late blitz 2023 (8)} )Rc8 12. Kb1 Ne5 13. h3 {[%emt 0:17:5] Prevents Neg4.} Rxc3 14. bxc3 (14. Qxc3 $11 {remains equal.} Nxe4 15. Qe3 Nxg5 16. Qxg5 )Qc7 $17 15. f4 Ned7 {[%emt 0:1:22][%mdl 1024] Black has strong compensation.} 16. Rd4 b5 17. g4 Nb6 18. f5 Bc4 19. Bxc4 ({White should try} 19. Bf3 )Nxc4 20. Qe1 a5 21. Bc1 {[%emt 0:2:37] Repels Na3+} Nd7 22. h4 Rc8 {[%emt 0:5:45][%csl Oc4] Strong Square Black (c4)} 23. fxg6 hxg6 24. h5 a4 25. hxg6 fxg6 {[%emt 0:0:4] Successful Defense Black} 26. e5 $2 {[%emt 0:4:40] [#] This costs White the game.} Ncxe5 27. Na1 Qc6 {[%emt 0:3:22][%csl Oc3] Black attacks a weakness} 28. Rh3 (28. g5 )Nf6 $19 29. g5 Nd5 30. Bd2 {[%emt 0:0:32] White is weak on the light squares} Rf8 31. Rdh4 Rf3 {[%emt 0:2:50] Active counter play!} 32. Kc1 ({Not} 32. Rxf3 $2 Nxf3 33. Qe6+ Kf8 34. Qxg6 Nxh4 )Qd7 33. Qh1 (33. Rh1 {was worth a try.} )Qf5 {[%emt 0:0:3] Black is clearly winning.} 34. Rh8+ Bxh8 35. Rxh8+ Kf7 36. Qh7+ Ke6 {[%emt 0:0:3] [#] ( -> ...Rf1+)} 37. Qg8+ Qf7 38. Qc8+ Nd7 {[%emt 0:0:2] Excellent horsemanship.} 39. Rh2 Rf1+ 40. Kb2 N5b6 {[%emt 0:0:0] Weighted Error Value: White=0.68/Black=0.15 (very precise)   Loses game:     	White=1     	---        Mistake:       	White=4     	---        Inaccurate:     	White=3     	---        OK:         	White=3     	Black=6      Best:        	---       	Black=2} 0-1

[Event "FIDE Candidates 2026"]
[White "Praggnanandhaa R"]
[Black "Nakamura,Hikaru"]
[Site "Agios Georgios Pegeia"]
[Round "14.4"]
[Annotator "TA"]
[Result "1/2-1/2"]
[Date "2026.04.15"]
[WhiteElo "2741"]
[BlackElo "2810"]
[PlyCount "66"]
[TimeControl "60"]

1. d4 d5 2. c4 e6 3. Nf3 Nf6 4. Nc3 h6 5. g3 Be7 6. Bg2 {[%emt 0:0:5] D37: Queen's Gambit Declined: 5 Bf4.} O-O 7. Ne5 Nc6 8. Nxc6 $146 {[%emt 0:0:11] White is slightly better.} ({Predecessor:} 8. O-O Nxe5 9. dxe5 Nd7 10. cxd5 Nxe5 11. Qd4 Ng6 12. Rd1 e5 13. Qc4 Bd6 14. e4 {½-½ Theodorou,N (2564)-Nogerbek,K (2529) Wch Blitz op 2025 (13)} )bxc6 9. c5 e5 10. dxe5 Ng4 {[%emt 0:0:8] Black sacrificed a pawn} 11. Qd4 f6 12. f4 ({But not} 12. Nxd5 $6 Kh8 13. f4 fxe5 (13... cxd5 14. h3 $15 )14. fxe5 cxd5 $17 )Rb8 13. h3 fxe5 14. fxe5 Nf2 15. Rh2 Ne4 16. Nxe4 dxe4 17. Be3 (17. Qxe4 Be6 18. b4 (18. Qxc6 Rb6 $17 )Bd5 $17 )Bf5 18. O-O-O (18. Bxe4 $2 Qxd4 19. Bxd4 Bxe4 $19 )Bg5 19. Qc4+ (19. Bxe4 $2 {loses.} Qxd4 20. Rxd4 Bxe3+ 21. Kc2 Bxd4 $19 )Kh8 20. Rxd8 Bxe3+ 21. Rd2 {[%emt 0:0:10] The position is equal.} Rfd8 22. Qc3 Bxd2+ 23. Qxd2 Rxd2 24. Kxd2 Rxb2+ $11 {[%emt 0:0:7][%mdl 4096] Endgame KRB-KRB} 25. Ke3 Kg8 26. Bxe4 Be6 27. Rh1 Kf7 28. h4 Rxa2 29. Rb1 Ra3+ 30. Kd4 Ra4+ $1 31. Ke3 Ra3+ 32. Kd4 Ra4+ $1 33. Ke3 Ra3+ {[%emt 0:0:14] Weighted Error Value: White=0.03 (flawless) /Black=0.03 (flawless)   Inaccurate:     	---       	Black=2      OK:         	White=6     	Black=5      Best:        	White=1     	Black=1      Strong:       	---       	Black=2} 1/2-1/2